[Event "Early-Titled-Tuesday-Blitz-March-19-2024"]
[Site "Chess.com"]
[Date "2024.03.19"]
[Round "9"]
[White "Manukyan_Artak"]
[Black "IMRosen"]
[Result "1-0"]
[WhiteElo "2491"]
[BlackElo "2643"]
[TimeControl "180+1"]
[EndTime "9:43:03 PDT"]
[Termination "Manukyan_Artak won by checkmate"]

1. e4 c5 2. Nf3 e6 3. c3 d5 4. e5 d4 5. cxd4 cxd4 6. Bb5+ Bd7 7. Nxd4 Bxb5 8. Nxb5 Nc6 9. O-O a6 10. N5c3 Bc5 11. Ne4 Be7 12. Nbc3 Nxe5 13. d4 Ng6 14. d5 f5 15. Ng3 Qd7 16. dxe6 Qxe6 17. Re1 Qf7 18. Nd5 Kf8 19. Nc7 Rc8 20. Ne6+ Ke8 21.
Nxf5 Qf6 22. Bg5 Qxb2 23. Nexg7+ Kf8 24. Qd7 Rb8 25. Ne6+ Kf7 26. Nd6# 1-0

[Event "Early-Titled-Tuesday-Blitz-March-19-2024"]
[Site "Chess.com"]
[Date "2024.03.19"]
[Round "9"]
[White "nihalsarin"]
[Black "Kacparov"]
[Result "1-0"]
[WhiteElo "3168"]
[BlackElo "2915"]
[TimeControl "180+1"]
[EndTime "9:43:05 PDT"]
[Termination "nihalsarin won by resignation"]

1. a3 e5 2. c4 Nf6 3. d3 d5 4. cxd5 Nxd5 5. Nf3 Bd6 6. e3 O-O 7. Be2 c5 8. O-O Nc6 9. b3 Be6 10. Bb2 f6 11. Nbd2 Qd7 12. Rc1 Rfc8 13. Ne4 b6 14. Nxd6 Qxd6 15. Nd2 Qd7 16. h3 Rd8 17. Qc2 Rac8 18.
Rfd1 Nde7 19. Qb1 Bd5 20. Bf1 Ng6 21. Bc3 Nh4 22. b4 cxb4 23. axb4 Ne7 24. b5 Qb7 25. e4 Be6 26. Bb4 Nhg6 27. Rxc8 Rxc8 28. Nf3 Rd8 29.
d4 exd4 30. Nxd4 Bf7 31. Qc2 Rc8 32. Nc6 Kh8 33. Bxe7 1-0

[Event "Early-Titled-Tuesday-Blitz-March-19-2024"]
[Site "Chess.com"]
[Date "2024.03.19"]
[Round "9"]
[White "Golubovsky"]
[Black "margarita_2703"]
[Result "1-0"]
[WhiteElo "2507"]
[BlackElo "2326"]
[TimeControl "180+1"]
[EndTime "9:43:10 PDT"]
[Termination "Golubovsky won by resignation"]

1. c4 e6 2. d4 d5 3. Nc3 Nf6 4.
Bg5 c6 5. e3 Be7 6. Nf3 h6 7. Bh4 O-O 8. Bd3 Nbd7 9. O-O dxc4 10. Bxc4 a6 11. Qe2 b5 12. Bb3 c5 13. Rfd1 Qb6 14.
d5 exd5 15. Nxd5 Qd8 16. Nxe7+ Qxe7 17. Bd5 Ra7 18. e4 Bb7 19. e5 Bxd5 20. Rxd5 Qe8 21. Rd2 Ng4 22. Re1 h5 23. Qe4 g6 24. Rd6 c4 25. Qd4 Rc7 26. e6 Nc5 27. e7 Rxe7 28. Bxe7 1-0

[Event "Early-Titled-Tuesday-Blitz-March-19-2024"]
[Site "Chess.com"]
[Date "2024.03.19"]
[Round "9"]
[White "shirovin"]
[Black "GrotBchess"]
[Result "0-1"]
[WhiteElo "2039"]
[BlackElo "2401"]
[TimeControl "180+1"]
[EndTime "9:43:10 PDT"]
[Termination "GrotBchess won on time"]

1. e4 c5 2. Nf3 e6 3. d4 cxd4 4. Nxd4 Nf6 5. Nc3 Bb4 6. e5 Nd5 7. Bd2 Nxc3 8. bxc3 Be7 9. Qg4 O-O 10. Bh6 g6 11.
Bxf8 Bxf8 12. h4 Qc7 13. Qg3 Bg7 14. f4 Na6 15. h5 Nc5 16. hxg6 hxg6 17. Qh3 Ne4 18.
Nb5 Qc5 19. Qf3 d5 20. Bd3 Nxc3 21. Nxc3 Qxc3+ 22. Ke2 Bd7 23. Rab1 Ba4 24. Kd1 Rc8 25. Rb3 Bxb3 26. axb3 Qa1+ 27. Ke2 Qxh1 28. f5 gxf5 0-1

[Event "Early-Titled-Tuesday-Blitz-March-19-2024"]
[Site "Chess.com"]
[Date "2024.03.19"]
[Round "9"]
[White "igorknyazev"]
[Black "Laico"]
[Result "0-1"]
[WhiteElo "2233"]
[BlackElo "2410"]
[TimeControl "180+1"]
[EndTime "9:43:13 PDT"]
[Termination "Laico won by resignation"]

1. e4 e6 2. d4 d5 3. exd5 exd5 4. c4 Nf6 5. Nc3 Bb4 6. Nf3 O-O 7. Bd2 Re8+ 8. Be2 dxc4 9. O-O Bxc3 10. bxc3 b5 11. Ne5 Bb7 12. a4 a6 13. axb5 axb5 14. Rxa8 Bxa8 15.
Bg5 Qd6 16. Bf3 Bxf3 17. Qxf3 Nbd7 18. Ng4 Ne4 19. Bf4 Qg6 20. Bxc7 Nd2 21. Qd5 Qxg4 22. Ra1 Qe4 23. Qxe4 Nxe4 24. Re1 Ndf6 25. Ba5 Nd2 26.
Rxe8+ Nxe8 27. f3 Nf6 28. Kf2 Nd5 29. Kg3 Nb3 30. Bd8 f6 31. h4 Kf7 32. f4 Ke8 33.
Bxf6 gxf6 34. Kf3 Nxc3 0-1

[Event "Early-Titled-Tuesday-Blitz-March-19-2024"]
[Site "Chess.com"]
[Date "2024.03.19"]
[Round "9"]
[White "alvarorodriguezavila"]
[Black "Stanbad1"]
[Result "0-1"]
[WhiteElo "2339"]
[BlackElo "2535"]
[TimeControl "180+1"]
[EndTime "9:43:20 PDT"]
[Termination "Stanbad1 won by resignation"]

1. e4 e6 2. d4 d5 3. e5 c5 4. c3 Nc6 5. Nf3 Bd7 6. Bd3 cxd4 7. cxd4 Rc8 8. a3 Qb6 9. Be2 Nge7 10. b4 a6 11. O-O Nf5 12. Bb2 a5 13. b5 Nce7 14.
g4 Nh6 15. h3 Ng6 16. Bc1 Be7 17. a4 O-O 18. Be3 f5 19. exf6 Rxf6 20. g5 Rxf3 21.
Bxf3 Nf5 22. Nd2 Nxe3 23. fxe3 Bxg5 24. Qe2 Rc3 25. Kf2 Bxe3+ 26. Qxe3 Rxe3 27. Kxe3 e5 28. Bxd5+ Be6 29. Bxe6+ Qxe6 30. Nf3 exd4+ 31. Kxd4 Qxh3 32.
Rac1 h6 33. Rc7 Qxf1 0-1

[Event "Early-Titled-Tuesday-Blitz-March-19-2024"]
[Site "Chess.com"]
[Date "2024.03.19"]
[Round "9"]
[White "Carlos-Godoy"]
[Black "IsaqueGoncalvesSanto"]
[Result "0-1"]
[WhiteElo "2069"]
[BlackElo "1884"]
[TimeControl "180+1"]
[EndTime "9:43:21 PDT"]
[Termination "IsaqueGoncalvesSanto won by resignation"]

1. e4 e6 2. d4 d5 3. Nd2 Nc6 4. Ngf3 Nf6 5. e5 Nd7 6. Bb5 f6 7. O-O fxe5 8. Bxc6 bxc6 9. Nxe5 Nxe5 10. dxe5 Bc5 11. Nb3 Bb6 12. Qh5+ g6 13. Qh6 Qe7 14. Bg5 Qf7 15. Bf6 Rf8 16. Rad1 Ba6 17. Rfe1 c5 18. a4 c4 19. Nd4 Bxd4 20. Rxd4 c5 21. Rh4 Rb8 22. Qxh7 Rxb2 23. Qxf7+ Rxf7 24. Rc1 d4 25. Rg4 d3 26. cxd3 cxd3 27. Rxc5 Rb1+ 0-1

[Event "Early-Titled-Tuesday-Blitz-March-19-2024"]
[Site "Chess.com"]
[Date "2024.03.19"]
[Round "9"]
[White "ZenBull"]
[Black "abelmat"]
[Result "0-1"]
[WhiteElo "2255"]
[BlackElo "2100"]
[TimeControl "180+1"]
[EndTime "9:43:24 PDT"]
[Termination "abelmat won by resignation"]

1. c4 Nf6 2. Nc3 e6 3. Nf3 d5 4. e3 Be7 5. b3 O-O 6. Bb2 b6 7. Qc2 Bb7 8. Be2 Nbd7 9. O-O c5 10.
cxd5 Nxd5 11. Nxd5 Bxd5 12. Rac1 Bf6 13. Rfd1 Bxb2 14.
Qxb2 Qe7 15. d4 cxd4 16. Nxd4 Rac8 17. Ba6 Rxc1 18. Rxc1 Nc5 19. Be2 a5 20. Bf3 Nd3 21. Qb1 Nxc1 22. Qxc1 Bxf3 23. Nxf3 Rd8 24. h3 Qd6 25.
Qc4 h6 26. Qb5 Rc8 27. g3 Qc6 28. Qe2 Qc2 29. Qb5 Qe4 30. Qe2 Rc1+ 31. Kh2 Rc2 32. Nd2 Qd5 33. Qa6 Rxd2 0-1

[Event "Early-Titled-Tuesday-Blitz-March-19-2024"]
[Site "Chess.com"]
[Date "2024.03.19"]
[Round "9"]
[White "Dyadya81"]
[Black "scarabee43"]
[Result "0-1"]
[WhiteElo "2940"]
[BlackElo "2852"]
[TimeControl "180+1"]
[EndTime "9:43:26 PDT"]
[Termination "scarabee43 won by resignation"]

1. e4 c5 2. Nc3 Nc6 3. Bb5 Nd4 4. Bc4 e6 5. Nge2 a6 6. a4 Nc6 7.
O-O Nf6 8. d4 cxd4 9. Nxd4 Qc7 10. Nxc6 bxc6 11. Qf3 d5 12. Bd3 Bd6 13. Kh1 O-O 14. Bg5 Be5 15. Rae1 h6 16. Bh4 Nd7 17. Qh5 Rb8 18. exd5 cxd5 19. Nd1 Rb4 20. b3 Bd6 21.
Ne3 Nc5 22. Ng4 Nxd3 23. cxd3 e5 24. Nxe5 Bxe5 25. Rxe5 Rxh4 26. Qxh4 Qxe5 27. d4 Qe4 28. Qxe4 dxe4 29. Re1 Bb7 30. Rc1 Bd5 31. b4 Rb8 32.
Rc5 Rxb4 33. h4 Rxd4 0-1

[Event "Early-Titled-Tuesday-Blitz-March-19-2024"]
[Site "Chess.com"]
[Date "2024.03.19"]
[Round "9"]
[White "atalz0"]
[Black "Winner_7777"]
[Result "0-1"]
[WhiteElo "2366"]
[BlackElo "2614"]
[TimeControl "180+1"]
[EndTime "9:43:34 PDT"]
[Termination "Winner_7777 won on time"]

1. d4 d5 2. c4 e6 3. Nc3 c6 4.
e3 Bd6 5. b3 f5 6. Bd3 Nf6 7.
Nge2 O-O 8. Bb2 Ne4 9. O-O Nd7 10. g3 Ndf6 11. f3 Ng5 12. Kg2 Qe8 13. h4 Nf7 14. Qd2 Bd7 15. e4 fxe4 16. fxe4 dxc4 17. Bxc4 b5 18. Bd3 e5 19. d5 b4 20. dxc6 Bxc6 21.
Nd1 Nxe4 22. Bxe4 Bxe4+ 23. Kh2 Qe6 24. Nf2 Bb7 25. Rae1 Nh6 26. Nf4 Qd7 27. Nh5 Rxf2+ 28. Rxf2 Ng4+ 29. Kg1 Qc6 30. Kf1 Nxf2 31. Kxf2 Qg2+ 32.
Ke3 Bc5+ 0-1

[Event "Early-Titled-Tuesday-Blitz-March-19-2024"]
[Site "Chess.com"]
[Date "2024.03.19"]
[Round "9"]
[White "GreenPeach24"]
[Black "Szparu"]
[Result "0-1"]
[WhiteElo "2559"]
[BlackElo "2786"]
[TimeControl "180+1"]
[EndTime "9:43:36 PDT"]
[Termination "Szparu won on time"]

1. e4 c5 2. Nf3 a6 3. c3 e6 4. d4 d5 5. exd5 exd5 6. dxc5 Bxc5 7. Bd3 Nf6 8. O-O O-O 9. h3 h6 10. Nbd2 Nc6 11. Nb3 Bd6 12. Nbd4 Re8 13. Nf5 Bc7 14.
N3d4 Ne4 15. Qg4 Qf6 16. Bxh6 Nxd4 17. Qxg7+ Qxg7 18. Nxg7 Re6 19. Nxe6 Nxe6 20. Rad1 Nf4 21. Bxf4 Bxf4 22. g3 Bc7 23. Kg2 Bf5 24. Rfe1 Bg6 25. Bb1 Rd8 26. f4 f5 27. Kf3 Bf7 28. g4 Kg7 29.
Bc2 Kf6 30. Bb3 Rh8 31. Rh1 Rd8 32. g5+ Ke6 33. Ke3 Bb6+ 34. Kd3 Nf2+ 35. Kc2 Nxd1 36. Rxd1 Bh5 37. Re1+ Kd6 38. Re5 d4 39. cxd4 Bf3 40.
Kd2 Bxd4 41. Re6+ Kc5 42. Rg6 Bxb2+ 43. Kc2 Bd4 44. Rh6 Be4+ 45. Kc1 Kb4 0-1

[Event "Early-Titled-Tuesday-Blitz-March-19-2024"]
[Site "Chess.com"]
[Date "2024.03.19"]
[Round "9"]
[White "HajiyevKanan"]
[Black "RianKapriaga"]
[Result "1-0"]
[WhiteElo "2532"]
[BlackElo "2353"]
[TimeControl "180+1"]
[EndTime "9:43:36 PDT"]
[Termination "HajiyevKanan won by resignation"]

1. d4 Nf6 2. c4 e6 3. Nf3 d5 4.
Nc3 Be7 5. Bf4 O-O 6. e3 Nbd7 7. cxd5 Nxd5 8. Nxd5 exd5 9. Bd3 c5 10. dxc5 Nxc5 11.
O-O Nxd3 12. Qxd3 Be6 13. Rac1 Qb6 14. Qd4 Qa6 15. Be5 f6 16. Bf4 Rac8 17. a3 b6 18. h3 Rfd8 19. Qd2 Bf5 20. Nd4 Be4 21. Ne6 Re8 22. Nc7 Qb7 23. Nxe8 Rxe8 24. f3 Bg6 25. Rc7 Qa8 26. Rfc1 Bc5 27. b4 Bf8 28. Rd7 Rd8 29.
Rcc7 Rxd7 30. Rxd7 Bf7 31. Qc3 a5 32. Qc7 Qe8 33.
Rd8 Qe6 34. Qd6 h6 35. Rxf8+ 1-0

[Event "Early-Titled-Tuesday-Blitz-March-19-2024"]
[Site "Chess.com"]
[Date "2024.03.19"]
[Round "9"]
[White "HelvertHernandez"]
[Black "BestestBP"]
[Result "1-0"]
[WhiteElo "2037"]
[BlackElo "2218"]
[TimeControl "180+1"]
[EndTime "9:43:38 PDT"]
[Termination "HelvertHernandez won on time"]

1. e4 e5 2. Nf3 Nc6 3. d4 exd4 4.
Nxd4 Nf6 5. Nc3 Bb4 6. Nxc6 bxc6 7. Bd3 d5 8. exd5 cxd5 9. O-O O-O 10. Bg5 c6 11. Qf3 Rb8 12. Bxf6 Qxf6 13. Qxf6 gxf6 14. Ne2 Bd6 15. b3 c5 16. c3 Re8 17. Ng3 Be5 18. Rac1 Bd7 19. Bf5 Bb5 20. Rfd1 Red8 21. Bg4 a5 22. Nf5 Kf8 23. Ne3 d4 24. cxd4 cxd4 25. Nc4 a4 26. Bf5 axb3 27. axb3 Be8 28. Rd3 h6 29. Rcd1 Ra8 30. g3 Rdb8 31. Re1 1-0

[Event "Early-Titled-Tuesday-Blitz-March-19-2024"]
[Site "Chess.com"]
[Date "2024.03.19"]
[Round "9"]
[White "Shield12"]
[Black "Alen_Yeremyann"]
[Result "1-0"]
[WhiteElo "2950"]
[BlackElo "2820"]
[TimeControl "180+1"]
[EndTime "9:43:40 PDT"]
[Termination "Shield12 won by resignation"]

1. e4 c5 2. Nf3 Nc6 3. Bb5 e6 4. O-O Nge7 5. Re1 a6 6. Bf1 d5 7. d3 dxe4 8. dxe4 Qxd1 9. Rxd1 Ng6 10. a4 Be7 11. Na3 O-O 12. Nc4 Rb8 13. a5 e5 14.
c3 Be6 15. Ne3 Rfd8 16. Nd5 f6 17. Be3 Bf8 18. Nd2 Nge7 19. Nb6 Nc8 20. Bc4 Bf7 21.
Bxf7+ Kxf7 22. Nd5 N8e7 23. Nxe7 Bxe7 24. Kf1 Ke6 25.
Ke2 g6 26. f3 f5 27. Nc4 Rxd1 28. Rxd1 Rd8 29. Ra1 f4 30. Bf2 g5 31. h3 h5 32.
b3 Rd7 33. Nb2 Rd8 34. Nd3 Rc8 35. Bxc5 g4 36. hxg4 hxg4 37. b4 Rh8 38. Bxe7 Kxe7 39. fxg4 Kf6 40. Nc5 Rg8 41. Nxb7 Rxg4 42. Kf2 Rg3 43. Rc1 Ne7 44. Nc5 Ng6 45. Rc2 Nh4 46. Kf1 Re3 47. b5 axb5 48. a6 Rg3 49. a7 Rg8 50.
Nd7+ Ke7 51. Nb8 1-0

[Event "Early-Titled-Tuesday-Blitz-March-19-2024"]
[Site "Chess.com"]
[Date "2024.03.19"]
[Round "9"]
[White "Dacean99"]
[Black "AA95"]
[Result "1-0"]
[WhiteElo "2640"]
[BlackElo "2469"]
[TimeControl "180+1"]
[EndTime "9:43:43 PDT"]
[Termination "Dacean99 won on time"]

1. e4 c5 2. c3 d5 3. exd5 Qxd5 4. d4 Nc6 5. Nf3 Nf6 6. dxc5 Qxd1+ 7. Kxd1 Bg4 8. b4 O-O-O+ 9. Kc2 Bf5+ 10. Kb3 Ng4 11. Be3 Nxe3 12. fxe3 e5 13. Bb5 f6 14. Na3 Be7 15. Rad1 Kc7 16. Bc4 a6 17. Bd5 a5 18.
b5 a4+ 19. Kxa4 Bxc5 20. b6+ Kxb6 21. Nc4+ Kc7 22. Bxc6 bxc6 23. Rxd8 Rxd8 24. Rc1 Ra8+ 25.
Kb3 Rb8+ 26. Ka4 Bd3 27. Nfd2 e4 28. g4 Ra8+ 29. Kb3 Rb8+ 30. Ka4 Be2 31. Nxe4 Bxe3 32. Nxe3 1-0

[Event "Early-Titled-Tuesday-Blitz-March-19-2024"]
[Site "Chess.com"]
[Date "2024.03.19"]
[Round "9"]
[White "ActorXu"]
[Black "Iskusnyh"]
[Result "1-0"]
[WhiteElo "2834"]
[BlackElo "2640"]
[TimeControl "180+1"]
[EndTime "9:43:44 PDT"]
[Termination "ActorXu won by resignation"]

1. e4 e6 2. d3 c5 3. g3 Nc6 4. Bg2 g6 5. f4 Bg7 6. Nf3 d6 7.
O-O Nge7 8. Nc3 O-O 9. Be3 b6 10. d4 d5 11. exd5 Nf5 12. Bf2 Ncxd4 13. dxe6 Bxe6 14.
Ng5 Bc4 15. Re1 Rc8 16. Nge4 Rc7 17. Nd2 Be6 18. Nce4 Rd7 19. c3 Nc6 20. Qe2 Bd5 21. Nc4 Qc7 22. Rad1 Rfd8 23. h3 b5 24. Ne3 Nxe3 25.
Qxe3 c4 26. g4 Qb7 27. Nc5 Qc7 28. Nxd7 Bxg2 29. Kxg2 Rxd7 30. Qe8+ 1-0

[Event "Early-Titled-Tuesday-Blitz-March-19-2024"]
[Site "Chess.com"]
[Date "2024.03.19"]
[Round "9"]
[White "cristiano78"]
[Black "ljuks68"]
[Result "1-0"]
[WhiteElo "2263"]
[BlackElo "2440"]
[TimeControl "180+1"]
[EndTime "9:43:44 PDT"]
[Termination "cristiano78 won on time"]

1. d4 d5 2. c4 c6 3. Nf3 Nf6 4.
Nc3 dxc4 5. a4 Bf5 6. Ne5 Na6 7. f3 Nd7 8. Nxc4 e5 9. dxe5 Qh4+ 10. g3 Qxc4 11. e4 Qe6 12. exf5 Qxe5+ 13. Kf2 Nb4 14. Bf4 Bc5+ 15. Kg2 Qxf5 16. Bc4 O-O 17. Re1 Nc2 18. Re4 Nxa1 19. Qxa1 Rae8 20. Bd3 Rxe4 21. Nxe4 Bb4 22.
Qb1 Qd5 23. Ng5 h6 24. Be4 Qb3 25. Bd5 hxg5 26. Bxb3 gxf4 27. Qf5 Nf6 28. Qxf4 a5 29. Qc7 b5 30. Qxc6 bxa4 31. Qxa4 Rd8 32. h4 Rd2+ 33. Kh3 Rxb2 34. Bc4 Rd2 35. Qc6 Rd7 36. Qc8+ Kh7 37. g4 1-0

[Event "Early-Titled-Tuesday-Blitz-March-19-2024"]
[Site "Chess.com"]
[Date "2024.03.19"]
[Round "9"]
[White "Kostya0705"]
[Black "BardArtem"]
[Result "0-1"]
[WhiteElo "2564"]
[BlackElo "2812"]
[TimeControl "180+1"]
[EndTime "9:43:45 PDT"]
[Termination "BardArtem won by resignation"]

1. e4 d5 2. exd5 Qxd5 3. Nc3 Qe5+ 4. Nge2 Nf6 5. d4 Qa5 6. Bd2 c6 7. Nf4 Bf5 8. Bc4 e6 9. Ncd5 Qd8 10. Nxf6+ Qxf6 11.
Be3 Nd7 12. Qd2 Bd6 13. O-O-O O-O-O 14. Nh5 Qg6 15. Ng3 Nb6 16. Be2 Nd5 17. Nxf5 exf5 18. g3 Rhe8 19. Bd3 Nxe3 20. fxe3 Qe6 21. Rhf1 Qxa2 22. Bxf5+ Kb8 23. Qc3 a5 24. Qb3 Qxb3 25.
cxb3 Rxe3 26. Bxh7 Rh8 27. Bd3 Rxh2 28. Rxf7 Rxg3 29. Bc4 Rgg2 30. Bd3 Rxb2 31. Rg1 Ba3 0-1

[Event "Early-Titled-Tuesday-Blitz-March-19-2024"]
[Site "Chess.com"]
[Date "2024.03.19"]
[Round "9"]
[White "Aleksandar-Topalov"]
[Black "ArchibaldCerveza29"]
[Result "1-0"]
[WhiteElo "2282"]
[BlackElo "2376"]
[TimeControl "180+1"]
[EndTime "9:43:45 PDT"]
[Termination "Aleksandar-Topalov won by resignation"]

1. b3 a5 2. a3 Nf6 3. Bb2 e6 4. Nf3 d5 5. e3 b6 6. d4 Bb7 7. Nbd2 Bd6 8. Bd3 Nbd7 9. O-O Ne4 10. Ne5 O-O 11. f4 f6 12. Nxd7 Qxd7 13. c4 Nxd2 14. Qxd2 Rae8 15. Rac1 f5 16. c5 Be7 17. Qc3 bxc5 18.
Qxa5 Ra8 19. Qc3 Ba6 20. Bxa6 Rxa6 21. dxc5 Bf6 22. Qc2 Bxb2 23. Qxb2 Qb5 24. b4 Rfa8 25. Rc3 Qd7 26. Rd1 Qf7 27. b5 Ra5 28. b6 cxb6 29.
cxb6 Rb8 30. Rc7 Qf6 31. Qxf6 gxf6 32. b7 Rb5 33. Rc8+ 1-0

[Event "Early-Titled-Tuesday-Blitz-March-19-2024"]
[Site "Chess.com"]
[Date "2024.03.19"]
[Round "9"]
[White "Louis-Paulsen-Fan"]
[Black "Cambek64"]
[Result "0-1"]
[WhiteElo "2270"]
[BlackElo "2496"]
[TimeControl "180+1"]
[EndTime "9:43:47 PDT"]
[Termination "Cambek64 won by resignation"]

1. d4 Nf6 2. Nf3 c5 3. d5 g6 4. c4 d6 5. Nc3 Bg7 6. e4 O-O 7. Be2 e6 8. Bg5 h6 9. Bh4 g5 10. Bg3 e5 11. Nd2 Nbd7 12. Nf1 Re8 13. Ne3 Nf8 14. h4 Ng6 15. hxg5 hxg5 16. Bh2 a6 17. a4 Nf4 18. Bf3 Bd7 19. g3 Ng6 20. Ng4 Rb8 21.
Nxf6+ Bxf6 22. Bg4 Kg7 23. Bxd7 Qxd7 24. Qe2 Rh8 25.
Kd2 Rh3 26. f3 Rbh8 27. Qg2 R8h7 28. Ne2 Qe8 29. g4 Qh8 30. Ng3 Rxh2 31. Nf5+ Kf8 32. Rxh2 Rxh2 0-1

[Event "Early-Titled-Tuesday-Blitz-March-19-2024"]
[Site "Chess.com"]
[Date "2024.03.19"]
[Round "9"]
[White "ChristianArca"]
[Black "KorolDimitriy75"]
[Result "1-0"]
[WhiteElo "2675"]
[BlackElo "2405"]
[TimeControl "180+1"]
[EndTime "9:43:51 PDT"]
[Termination "ChristianArca won on time"]

1. Nf3 c5 2. g3 g6 3. Bg2 Bg7 4. c4 Nc6 5. O-O Nh6 6. Nc3 Nf5 7.
a3 h5 8. Rb1 h4 9. b4 hxg3 10.
hxg3 d6 11. e3 Rb8 12. Bb2 Bd7 13. Nd5 Kf8 14. Qc2 Qc8 15. Bxg7+ Nxg7 16. Rfe1 Bh3 17. Bh1 Bg4 18. Bg2 Bh3 19. Bh1 Bg4 20. Nh2 Bf5 21. d3 Qe6 22. f4 Bh3 23. b5 Nd8 24. e4 Nh5 25. Qb2 f6 26. Qf2 Kg7 27. Bf3 Nf7 28. g4 1-0

[Event "Early-Titled-Tuesday-Blitz-March-19-2024"]
[Site "Chess.com"]
[Date "2024.03.19"]
[Round "9"]
[White "Yushko_Olga"]
[Black "aljado"]
[Result "1-0"]
[WhiteElo "2236"]
[BlackElo "2111"]
[TimeControl "180+1"]
[EndTime "9:43:55 PDT"]
[Termination "Yushko_Olga won by resignation"]

1. d4 Nf6 2. c4 c5 3. d5 b5 4. cxb5 a6 5. b6 d6 6. Nc3 g6 7. e4 Bg7 8. Bd3 Qxb6 9. Nf3 Nbd7 10. O-O O-O 11. Re1 Rb8 12. h3 a5 13. Qe2 Qb4 14. Rb1 a4 15. Bd2 a3 16. Nb5 Qa4 17. Nxa3 Nh5 18. Bc2 Qa8 19. Bb3 Ba6 20. Qe3 Ne5 21.
Nxe5 Bxe5 22. Bc3 Nf4 23. Bxe5 dxe5 24. Nc4 Rb4 25. Rbc1 Qb8 26. g3 Nh5 27. Qxc5 Nf6 28. Qxe7 Kg7 29. Qxe5 Qxe5 30. Nxe5 Rxe4 31. Rxe4 Nxe4 32.
Rc6 Bb5 33. Rb6 Be2 34. d6 Rd8 35. Nxf7 1-0

[Event "Early-Titled-Tuesday-Blitz-March-19-2024"]
[Site "Chess.com"]
[Date "2024.03.19"]
[Round "9"]
[White "ChessSwole"]
[Black "Lovetov"]
[Result "1-0"]
[WhiteElo "2698"]
[BlackElo "2549"]
[TimeControl "180+1"]
[EndTime "9:43:56 PDT"]
[Termination "ChessSwole won by checkmate"]

1. e4 c5 2. Nf3 Nc6 3. d4 cxd4 4. Nxd4 Nf6 5. Nc3 e5 6. Ndb5 d6 7. Nd5 Nxd5 8. exd5 Nb8 9. Qf3 Be7 10. Qc3 Na6 11. Be3 O-O 12. Nxa7 Bf5 13. Bxa6 bxa6 14. Nc6 Qd7 15. O-O Bf6 16. Qd2 h5 17. c4 g6 18.
Rac1 Bg7 19. b4 Rac8 20. a4 h4 21. h3 f6 22. b5 Ra8 23. b6 Rfc8 24. Kh2 g5 25. f3 Bf8 26. Qb2 Rxc6 27. dxc6 Qxc6 28. a5 Bc8 29. Qc2 f5 30. Rb1 Be7 31. b7 Bxb7 32. Qxf5 d5 33. Rb6 Qc8 34. Rg6+ Kh7 35. Qf7+ Kh8 36. Qg7# 1-0

[Event "Early-Titled-Tuesday-Blitz-March-19-2024"]
[Site "Chess.com"]
[Date "2024.03.19"]
[Round "9"]
[White "stepanosinovsky"]
[Black "Ati1517"]
[Result "1-0"]
[WhiteElo "2345"]
[BlackElo "2227"]
[TimeControl "180+1"]
[EndTime "9:44:01 PDT"]
[Termination "stepanosinovsky won by checkmate"]

1. e4 c5 2. Nf3 d6 3. d4 cxd4 4. Nxd4 Nf6 5. Nc3 a6 6. Be3 e5 7. Nb3 Be7 8. Qd2 O-O 9. O-O-O Be6 10. f4 b5 11. f5 Bxb3 12. cxb3 Nc6 13. g4 b4 14. Nd5 Nxg4 15. Rg1 Nxe3 16. Qxe3 Bf6 17. Bc4 Na5 18. Bd3 Rc8+ 19. Kb1 Nc6 20. Bxa6 Ra8 21.
Bb7 Kh8 22. Bxc6 Ra6 23. Bb5 Ra5 24. Bc4 Qa8 25. Nxb4 Rb8 26. a3 Qb7 27. Bd5 Qc7 28.
Rc1 Qd7 29. Nc6 Rab5 30. Nxb8 Rxb8 31. b4 Qb5 32. Rc7 h6 33. Rxf7 Rc8 34. Rxf6 gxf6 35. Qxh6# 1-0

[Event "Early-Titled-Tuesday-Blitz-March-19-2024"]
[Site "Chess.com"]
[Date "2024.03.19"]
[Round "9"]
[White "nekotyanof"]
[Black "Elnaz_Kaliakhmet"]
[Result "1-0"]
[WhiteElo "2677"]
[BlackElo "2543"]
[TimeControl "180+1"]
[EndTime "9:44:02 PDT"]
[Termination "nekotyanof won by checkmate"]

1. e4 c5 2. Nf3 Nc6 3. Bb5 Nf6 4. e5 Nd5 5. O-O Nc7 6. Bc4 b5 7. Be2 d6 8. Nc3 a6 9. exd6 exd6 10. d4 Be7 11. d5 Ne5 12. Nxe5 dxe5 13. Bf3 Bb7 14. Qe1 b4 15. Na4 Bxd5 16. Bxd5 Nxd5 17. Qxe5 Qd7 18.
Nxc5 Qc6 19. Qxg7 Bf6 20. Re1+ Ne7 21. Rxe7+ Kxe7 22. Bg5 Bxg5 23. Re1+ Kd6 24. Qe5# 1-0

[Event "Early-Titled-Tuesday-Blitz-March-19-2024"]
[Site "Chess.com"]
[Date "2024.03.19"]
[Round "9"]
[White "FREDERICKtheMATE"]
[Black "The_Straightforward_Rook"]
[Result "1-0"]
[WhiteElo "2683"]
[BlackElo "2418"]
[TimeControl "180+1"]
[EndTime "9:44:02 PDT"]
[Termination "FREDERICKtheMATE won by resignation"]

1. d4 Nf6 2. c4 e6 3. Nf3 Bb4+ 4. Bd2 a5 5. a3 Bxd2+ 6. Qxd2 Nc6 7. Nc3 d6 8. e3 O-O 9. Rd1 Re8 10. Be2 e5 11.
dxe5 Nxe5 12. Nxe5 Rxe5 13. h3 h6 14. b4 axb4 15.
axb4 Bf5 16. O-O Ne4 17. Nxe4 Bxe4 18. Kh2 b6 19. Ra1 Bb7 20. f3 Qe8 21. Rxa8 Bxa8 22. Ra1 Bb7 23. Ra3 f5 24. Kg1 h5 25. Kf2 h4 26. Qd4 g5 27. Ra7 Qb8 28. Qa1 Kf7 29.
Bd3 f4 30. e4 Kf6 31. Ke2 Qc8 32. c5 bxc5 33. bxc5 Bc6 34. Ra6 Qe8 35. cxd6 cxd6 36. Qc3 Bb5 37. Rxd6+ Kg7 38. Rd5 Bxd3+ 39. Kxd3 Kf6 40.
Qxe5+ Qxe5 41. Rxe5 Kxe5 42. Kc4 Kd6 43. Kd4 Ke6 44.
e5 Ke7 45. Kd5 Kd7 46. e6+ Ke7 47. Ke5 1-0

[Event "Early-Titled-Tuesday-Blitz-March-19-2024"]
[Site "Chess.com"]
[Date "2024.03.19"]
[Round "9"]
[White "ragnaroek66"]
[Black "Gabix_94"]
[Result "0-1"]
[WhiteElo "2531"]
[BlackElo "2745"]
[TimeControl "180+1"]
[EndTime "9:44:03 PDT"]
[Termination "Gabix_94 won by checkmate"]

1. d4 Nf6 2. c4 g6 3. Nc3 Bg7 4. e4 d6 5. f3 O-O 6. Be3 b6 7. Bd3 a6 8. Nge2 c5 9. d5 Nbd7 10. Ng3 Ne5 11. Be2 b5 12. cxb5 axb5 13. Bxb5 Ba6 14. Qe2 Qa5 15. O-O Rfb8 16. a4 h5 17. h3 h4 18. Nh1 Nh5 19. f4 Nd7 20. Bd2 Bd4+ 21. Kh2 Qb6 22. Qg4 Ndf6 23. Qxh4 Kg7 24. g4 Rh8 25. gxh5 Rxh5 26. Qg3 Rah8 27. Nf2 Bc8 28. f5 c4 29. Ncd1 Rh4 30. Be3 Nxe4 31. Nxe4 Rxh3+ 32. Qxh3 Rxh3+ 33. Kxh3 Bxf5+ 34. Kg3 Bxe4 35.
Re1 Be5+ 36. Kf2 Qd8 37. Ke2 Bd3+ 38. Kd2 Qa5+ 39. Nc3 Qb4 40. Ra2 Qb3 41. Rea1 Qc2+ 42. Ke1 Bg3+ 43. Bf2 Bxf2# 0-1